 Seeded DCSS version 0.31-a0-45-g5f0c076935 (webtiles) character file.

Game seed: 4196087365580659056 (custom seed)

736 voltaire321 the Gusty (level 7, 0/40 HPs)
             Began as a Tengu Air Elementalist on May 21, 2023.
             Slain by Edmund
             ... wielding a +3 flail of holy wrath
              (14 damage)
             ... on level 4 of the Dungeon on May 22, 2023.
             The game lasted 00:10:27 (3398 turns).

voltaire321 the Gusty (Tengu Air Elementalist)      Turns: 3398, Time: 00:10:28

Health: 0/40       AC:  2    Str: 10    XL:     7   Next: 74%
Magic:  1/12       EV: 16    Int: 15    God:
Gold:   309        SH:  0    Dex: 15    Spells: 3/12 levels left

rFire   . . .        n - staff of air "Hefruarr" {rElec rCorr Stlth+}
rCold   . . .        (no shield)
rNeg    . . .        a - +0 robe
rPois   .            (helmet restricted)
rElec   +            (no cloak)
rCorr   +            (no gloves)
SInv    .            (boots unavailable)
Will    .....        k - amulet of the acrobat
Stlth   +++          (no ring)
HPRegen 0.26/turn    (no ring)
MPRegen 0.13/turn

%: acrobat
@: sluggish, attractive, flying quickly and evasively, very slow
A: beak, talons 3, nimble flight
a: no special abilities


You were on level 4 of the Dungeon.
You visited 1 branch of the dungeon, and saw 4 of its levels.

You collected 309 gold pieces.

Inventory:

Hand Weapons
 j - a +0 rapier
Armour
 a - a +0 robe (worn)
Magical Staves
 n - the staff of air "Hefruarr" (weapon) {rElec rCorr Stlth+}
   (You found it on level 2 of the Dungeon)

   [staff of air]

   Base accuracy: +5 Base damage: 5 Base attack delay: 1.2 This weapon's minimum
   attack delay (0.6) is reached at skill level 12.
   rElec:     It insulates you from electricity.
   rCorr:     It protects you from acid and corrosion.
   Stlth:     It makes you more stealthy.
   It falls into the 'Staves' category.
   It is a one-handed weapon.
Jewellery
 k - an amulet of the acrobat (around neck)
 s - a ring of fire
Scrolls
 c - a scroll of torment {unknown}
 d - 2 scrolls of immolation {unknown}
 f - 9 scrolls of identify {unknown}
 g - 2 scrolls of enchant armour {unknown}
 h - a scroll of acquirement {unknown}
 i - 3 scrolls of teleportation {unknown}
 l - a scroll of vulnerability {unknown}
 m - a scroll of butterflies {unknown}
 t - a scroll of silence {unknown}
Potions
 e - 2 potions of curing
 o - a potion of cancellation {unknown}
 p - a potion of flight {unknown}
 q - a potion of attraction
 r - a potion of haste {unknown}


   Skills:
 + Level 2.6 Fighting
 + Level 3.0 Armour
 + Level 3.9 Dodging
 - Level 2.0 Stealth
 + Level 3.2 Spellcasting
 + Level 4.1 Conjurations
 + Level 1.4 Ice Magic
 * Level 6.9 Air Magic


You had 3 spell levels left.
You knew the following spells:

 Your Spells              Type           Power      Damage    Failure   Level
a - Shock                 Conj/Air       100%       1d9       1%          1
b - Static Discharge      Conj/Air       56%        2-5/arc   3%          2
c - Swiftness             Air            35%        N/A       3%          3
d - Frozen Ramparts       Ice            12%        1d2       32%         3

Your spell library contained the following spells:

 Spells                   Type           Power      Damage    Failure   Level
 Airstrike                Air            17%        2d(3-19)  11%         4
 Ice Form                 Ice/Tmut       4%         N/A       82%         4
 Summon Ice Beast         Ice/Summ       4%         N/A       82%         4


Dungeon Overview and Level Annotations

Branches:
Dungeon (4/15)
 Temple: D:4-7

Altars:
Fedhas
Gozag
Kikubaaqudgha
Wu Jian
Xom

Annotations:
D:3 Sigmund
D:4 Edmund


Innate Abilities, Weirdness & Mutations

You have a beak for a mouth.
You have claws for feet.
Your magical nature lets you fly swiftly and evasively.


Message History

Edmund is attracted toward you.
Casting: Shock (safe; 1% risk of failure)
Confirm with . or Enter, or press ? or * to list all spells.
You feel a surge of power!
Edmund is struck by an arc of lightning.
Edmund is heavily wounded.
You resist.
You are struck by an arc of lightning.
Edmund is struck by an arc of lightning.
Edmund is heavily wounded.
You resist.
You are struck by an arc of lightning.
Edmund hits you with a +3 flail of holy wrath.
Casting: Static Discharge (safe; 3% risk of failure)
Confirm with . or Enter, or press ? or * to list all spells.
You feel a surge of power!
Edmund is struck by an arc of lightning.
Edmund is severely wounded.
You resist.
You are struck by an arc of lightning.
Edmund is struck by an arc of lightning.
Edmund is severely wounded.
The lightning grounds out.
Edmund barely misses you.
Unknown command.
Casting: Static Discharge (safe; 3% risk of failure)
Confirm with . or Enter, or press ? or * to list all spells.
You don't have enough magic to cast this spell.
Unknown command.
Aiming: Shock (safe; 1% risk of failure)
Press: ? - help, Q - select action, (/) - cycle Shift-Dir - straight line, f/p - Edmund
Aim: Edmund, wielding a +3 flail of holy wrath and wearing a +0 scale mail (severely wounded, 77% to hit)
You feel a surge of power!
The zap misses Edmund.
Edmund misses you.
You closely miss Edmund. You claw Edmund.
Edmund is severely wounded.
Edmund hits you with a +3 flail of holy wrath.
You barely miss Edmund. You peck Edmund, but do no damage.
Edmund is severely wounded.
Edmund barely misses you.
You closely miss Edmund.
Edmund is severely wounded.
Edmund hits you with a +3 flail of holy wrath!
You die...

### ###############.#
#########
#...........@@..#
#....K...
#.#############.#
#.####### #.# #.# #.#
#.# #.# #.##### #.#
#.# #.....# #.# #.#
#####.# #.# #.# #.#
#.#
######h##########.###
####.#
#...........5........


You could see Edmund.

Vanquished Creatures
  Pikel (D:4)
  3 lemures (D:4)
  A scorpion (D:2)
  A hound (D:4)
  An orc priest (D:3)
  An iguana (D:4)
  An orc wizard (D:3)
  2 adders
  3 worms
  3 dart slugs
  9 orcs
  3 endoplasms
  4 giant cockroaches
  A goblin (D:4)
  4 hobgoblins
  6 quokkas
  6 ball pythons
  6 bats
  3 frilled lizards
  5 kobolds
  4 rats
68 creatures vanquished.

Notes
Turn   | Place    | Note
-------+----------+-------------------------------------------
     0 | D:1      | voltaire321 the Tengu Air Elementalist began the quest for
                  | the Orb.
     0 | D:1      | Reached XP level 1. HP: 10/10 MP: 4/4
   221 | D:1      | Reached XP level 2. HP: 16/16 MP: 0/6
   960 | D:2      | Reached XP level 3. HP: 20/20 MP: 0/7
  1041 | D:2      | Reached skill level 1 in Armour
  1044 | D:2      | Learned a level 2 spell: Static Discharge
  1048 | D:2      | Learned a level 3 spell: Swiftness
  1365 | D:2      | Identified the staff of air "Hefruarr" {rElec rCorr Stlth+}
  1447 | D:2      | Noticed a scorpion
  1452 | D:2      | Killed a scorpion
  1453 | D:2      | Reached skill level 1 in Fighting
  1453 | D:2      | Reached skill level 5 in Air Magic
  1453 | D:2      | Reached XP level 4. HP: 24/25 MP: 0/8
  1684 | D:3      | Found an opulent altar of Gozag.
  1849 | D:3      | Found an ornate altar of the Wu Jian Council.
  1866 | D:3      | Gained mutation: Your magical nature lets you fly swiftly
                  | and evasively. [Tengu growth]
  1866 | D:3      | Reached XP level 5. HP: 19/29 MP: 5/9
  2285 | D:3      | Found a blossoming altar of Fedhas.
  2396 | D:3      | Found a faded altar of an unknown god.
  2452 | D:3      | Noticed Sigmund
  2493 | D:3      | Found an ancient bone altar of Kikubaaqudgha.
  2910 | D:4      | Found a shimmering altar of Xom.
  2915 | D:4      | Reached XP level 6. HP: 35/35 MP: 9/11
  3034 | D:4      | Noticed a black bear
  3066 | D:4      | Learned a level 3 spell: Frozen Ramparts
  3125 | D:4      | Noticed Pikel
  3217 | D:4      | Noticed Edmund
  3343 | D:4      | Killed Pikel
  3344 | D:4      | Reached skill level 1 in Ice Magic
  3344 | D:4      | Reached skill level 6 in Air Magic
  3344 | D:4      | Reached XP level 7. HP: 11/40 MP: 7/12
  3398 | D:4      | Slain by Edmund

Illustrated notes

Levels and vault maps discovered:
D:1:      noname_arrival_rooms_in_the_neighbourhood, layout_rooms
D:2:      layout_rooms
D:3:      layout_loops_cross, kiku_gazebo_garden_becter,
          nicolae_wu_jian_wuxing_cycle, mainiacjoe_overflow_paths,
          grunt_gozag_breadcrumbs, hellmonk_ecumenical_altar_heavens_door,
          kennysheep_generic_room_6, uniq_sigmund
D:4:      layout_basic, mainiacjoe_overflow_catwalk, uniq_ijyb, uniq_duvessa,
          uniq_edmund, uniq_pikel

Skill      XL: |  1  2  3  4  5  6 |
---------------+-------------------+-----
Conjurations   | 2 3 4 |  4.1
Armour         | 1 2 3 |  3.0
Fighting       | 1 2 |  2.6
Air Magic      | 5 6 |  6.9
Dodging        | 3 |  3.9
Spellcasting   | 3 |  3.2
Ice Magic      | 1 |  1.4
Stealth        | |  2.0

Action                     |  1- 3 |  4- 6 |  7- 9 || total
---------------------------+-------+-------+-------++-------
  Melee: Rapier            |     5 |       |       ||     5
         Whip              |     2 |       |       ||     2
         Kick              |     3 |     5 |     1 ||     9
         Peck              |     1 |     2 |     1 ||     4
         Punch             |     1 |     2 |       ||     3
         Staff             |       |    20 |     3 ||    23
   Cast: Shock             |    60 |    88 |     3 ||   151
         Static Discharge  |     3 |     4 |     2 ||     9
         Swiftness         |       |       |     1 ||     1
    Use: Potion            |       |     1 |     2 ||     3
 Armour: Robe              |     4 |     1 |       ||     5
  Dodge: Dodged            |    18 |    21 |     5 ||    44

Table legend: (Time is in decaauts)
 A = Elapsed time spent in this place.
 B = Non-inter-level travel time spent in this place.
 C = Inter-level travel time spent in this place.
 D = Time resting spent in this place.
 E = Time spent auto-exploring this place.
 F = Levels seen in this place.
 G = Mean time per level.
                   A        B        C        D        E       F      G
               +--------+--------+--------+--------+--------+-----+--------+
         Total |   3293 |   3171 |    122 |    587 |   1722 |   4 |  823.2 |
       Dungeon |   3293 |   3171 |    122 |    587 |   1722 |   4 |  823.2 |
               +--------+--------+--------+--------+--------+-----+--------+

Top non-repeatable levels by time:
     D:3: 958 daAuts
     D:1: 846 daAuts
     D:2: 799 daAuts
     D:4: 690 daAuts
